 Dungeon Crawl Stone Soup version 0.28-a0-1412-gf95308ed99 (webtiles) character file.

Game seed: 3366788690829517551

529 Essalna the Magician (level 7, -3/54 HPs)
             Began as a Djinni Conjurer on Jan 7, 2022.
             Was a Follower of Makhleb.
             Slain by Duvessa (14 damage)
             ... on level 3 of the Dungeon.
             The game lasted 00:07:34 (4708 turns).

Essalna the Magician (Djinni Conjurer)              Turns: 4708, Time: 00:07:34

Health: -3/54      AC:  8    Str:  6    XL:     7   Next: 48%
Gold:   74         EV: 11    Int: 22    God:    Makhleb [*.....] SH:  0 Dex: 11

rFire   + + .      SeeInvis .   c - +4 dagger
rCold   x . .      Faith    .   (no shield)
rNeg    . . .      Spirit   .   f - +3 leather armour
rPois   ∞          Reflect  .   (no helmet)
rElec   .          Harm     .   o - +0 cloak
rCorr   .          Rampage  .   h - +0 pair of gloves
Will    .....                   (boots unavailable)
Stlth   +.........              (no amulet)
HPRegen 0.18/turn               (no ring)
MPRegen 0.00/turn               (no ring)

@: flying
A: sickness immunity, fire resistance 2, cold vulnerability 1, float, innate
caster, hp casting, extra vitality 1
a: Renounce Religion


You were on level 3 of the Dungeon.
You worshipped Makhleb.
Makhleb was aware of your devotion.
You visited 1 branch of the dungeon, and saw 4 of its levels.

You collected 74 gold pieces.

Inventory:

Hand Weapons
 c - a +4 dagger (weapon)
Armour
 a - a +0 robe
 f - a +3 leather armour (worn)
 h - a +0 pair of gloves (worn)
 o - a +0 cloak (worn)
Potions
 b - a potion of resistance {unknown}
 d - a potion of lignification {unknown}
 e - 2 potions of brilliance {unknown}
 g - 3 potions of attraction {unknown}
 l - 2 potions of curing {unknown}


   Skills:
 + Level 5.0 Fighting
 - Level 2.1 Dodging
 - Level 1.5 Stealth
 + Level 5.2 Spellcasting


You couldn't memorise any spells.
You knew the following spells:

 Your Spells              Type           Power      Damage    Failure   Level
a - Magic Dart            Conj           100%       1d8       1%          1
b - Searing Ray           Conj           56%        2d6       2%          2
c - Dazzling Flash        Conj/Hex       56%        N/A       5%          3
d - Fulminant Prism       Conj/Hex       14%        3d9       19%         4
e - Iskenderun's Mystic   Conj/Tloc      28%        2d7       19%         4
f - Foxfire               Conj/Fire      100%       2x1d9     1%          1
g - Corpse Rot            Necr/Air       56%        N/A       2%          2
h - Spider Form           Tmut/Pois      28%        N/A       5%          3
Your spell library was empty.

Dungeon Overview and Level Annotations

Branches:
Dungeon (4/15)
 Temple: D:4-7

Altars:
Makhleb
Vehumet

Annotations:
D:3 exclusion: statue, Duvessa
D:4 Blork the orc


Innate Abilities, Weirdness & Mutations

You are immune to sickness and miasma.
You are immune to poison.
Your flesh is very heat resistant. (rF++)
You are vulnerable to cold. (rC-)
You float through the air rather than walking.
You learn spells naturally, not from books.
Your magical power is your life essence.
You have superior vitality. (+4 MHP)


Message History

The searing ray hits Dowan!
You kill Dowan!
Makhleb accepts your kill.
Duvessa screams, "No!
How DARE you!"
Duvessa goes berserk!
Duvessa hits you with a +0 short sword. Duvessa hits you but does no damage.
Your Fighting skill increases to level 5!
The searing ray misses Duvessa.
Duvessa hits you but does no damage.
Blink to where?
Press: ? - help, Dir - move target, p - Duvessa
Found a stone staircase leading up.
As you read the scroll labelled ZUS IG NASUWIA, it crumbles to dust.
It was a scroll of blinking.
There is a stone staircase leading up here.
Duvessa barely misses you.
You fly upwards.
Level annotation: exclusion: statue
There is a stone staircase leading down here.
As you read the scroll labelled KAUSA GEUNIX, it crumbles to dust.
You assume a fearsome visage.
Duvessa is unaffected.
It was a scroll of fear.
Duvessa hits you with a +0 short sword! Duvessa closely misses you.
As you read the scroll labelled RUAQUE MEWUGO, it crumbles to dust.
Your body is wracked with pain!
* * * LOW HITPOINT WARNING * * *
Duvessa convulses!
It was a scroll of torment.
Duvessa misses you.
As you read the scroll labelled XEF ENIVAPNUIV, it crumbles to dust.
You hear a loud clanging noise!
It was a scroll of noise.
Duvessa closely misses you. Duvessa hits you with a +0 short sword!
* * * LOW HITPOINT WARNING * * *
As you read the scroll labelled NOYQEI ADIGG, it crumbles to dust.
It is a scroll of enchant weapon.
Your +3 dagger glows red for a moment.
Duvessa hits you with a +0 short sword.
* * * LOW HITPOINT WARNING * * *
You feel much better. Duvessa hits you with a +0 short sword.
Duvessa closely misses you. Duvessa hits you with a +0 short sword!
* * * LOW HITPOINT WARNING * * *
Duvessa hits you with a +0 short sword!
You die...

##################### ########
#...............@...# #......#
#.######.##.#..e###.###.####.#
#.# #.##...............##.#
#.# #.##.#>...##.###.#.##.#
#.# #.##......##.# #>.....#
#.# #.#####..###.# ###.####
#.# #.#####..# #.# #.### #.#
#........###.# #...# #.##
######.......#######.####


You could see Duvessa (berserk).

Vanquished Creatures
  Sigmund (D:4)
  2 black bears
  Dowan (D:4)
  Crazy Yiuf (D:4)
  4 adders
  A dart slug (D:1)
  6 orcs
  6 ball pythons
  4 endoplasms
  2 giant cockroaches
  11 goblins
  13 hobgoblins
  7 jackals (D:3)
  3 kobolds
  3 quokkas
  3 bats
  6 frilled lizards
  5 rats
79 creatures vanquished.

Notes
Turn   | Place    | Note
-------+----------+-------------------------------------------
     0 | D:1      | Essalna the Djinni Conjurer began the quest for the Orb.
     0 | D:1      | Reached XP level 1. HP: 15/15 MP: 0/0
   253 | D:1      | Reached XP level 2. HP: 15/22 MP: 0/0
   355 | D:1      | Reached skill level 1 in Fighting
  1220 | D:1      | Reached XP level 3. HP: 26/27 MP: 0/0
  1220 | D:1      | Learned a level 1 spell: Foxfire
  2196 | D:2      | Found a burning altar of Makhleb.
  2208 | D:2      | Became a worshipper of Makhleb the Destroyer
  2214 | D:2      | Reached XP level 4. HP: 28/33 MP: 0/0
  2608 | D:3      | Noticed a black bear
  2622 | D:3      | Killed a black bear
  2623 | D:3      | Reached XP level 5. HP: 29/40 MP: 0/0
  2623 | D:3      | Learned a level 2 spell: Corpse Rot
  3108 | D:3      | Found a faded altar of an unknown god.
  3149 | D:3      | Reached * piety under Makhleb
  3406 | D:3      | Reached XP level 6. HP: 44/46 MP: 0/0
  4090 | D:4      | Found a runed translucent door.
  4091 | D:4      | Noticed Crazy Yiuf
  4101 | D:4      | Killed Crazy Yiuf
  4343 | D:4      | Noticed Sigmund
  4344 | D:4      | Noticed Blork the orc
  4350 | D:4      | Killed Sigmund
  4351 | D:4      | Reached XP level 7. HP: 27/53 MP: 0/0
  4351 | D:4      | Learned a level 3 spell: Spider Form
  4557 | D:4      | Reached skill level 5 in Spellcasting
  4685 | D:4      | Noticed Duvessa
  4685 | D:4      | Noticed Dowan
  4694 | D:4      | Killed Dowan
  4695 | D:4      | Reached skill level 5 in Fighting
  4704 | D:3      | HP: 2/54 [Duvessa (1)]
  4708 | D:3      | Slain by Duvessa

Illustrated notes

Levels and vault maps discovered:
D:1:      minmay_arrival_loop, layout_basic
D:2:      layout_basic, basic_altar, minmay_door_square
D:3:      layout_loops_corners, vehumet_statue, nicolae_ecumenical_oubliette,
          minmay_goblin_outpost
D:4:      layout_basic, mainiacjoe_overflow_cross_hatched, uniq_duvessa,
          uniq_blork_the_orc, uniq_eustachio, uniq_sigmund,
          uniq_crazy_yiuf_cottage

Skill      XL: |  1  2  3  4  5  6  7 |
---------------+----------------------+-----
Fighting       | 1 2 3 4 5 |  5.0
Spellcasting   | 4 5 |  5.2
Dodging        | |  2.1
Stealth        | |  1.5

Action                   |  1- 3 |  4- 6 |  7- 9 || total
-------------------------+-------+-------+-------++-------
Melee: Dagger            |     5 |     5 |       ||    10
 Cast: Magic Dart        |    72 |    82 |     6 ||   160
       Searing Ray       |       |     8 |     3 ||    11
       Spider Form       |       |       |     1 ||     1
  Use: Scroll            |       |       |     6 ||     6
       Potion            |       |       |     1 ||     1
Armor: Robe              |     1 |       |       ||     1
       Leather armour    |     2 |     9 |     3 ||    14
Dodge: Dodged            |     5 |    12 |     9 ||    26

Table legend: (Time is in decaauts)
 A = Elapsed time spent in this place.
 B = Non-inter-level travel time spent in this place.
 C = Inter-level travel time spent in this place.
 D = Time resting spent in this place.
 E = Time spent auto-exploring this place.
 F = Levels seen in this place.
 G = Mean time per level.
                   A        B        C        D        E       F      G
               +--------+--------+--------+--------+--------+-----+--------+
         Total |   4707 |   4630 |     77 |      0 |   4190 |   4 | 1176.8 |
       Dungeon |   4707 |   4630 |     77 |      0 |   4190 |   4 | 1176.8 |
               +--------+--------+--------+--------+--------+-----+--------+

Top non-repeatable levels by time:
     D:1: 1464 daAuts
     D:3: 1388 daAuts
     D:2: 1098 daAuts
     D:4: 755 daAuts
